AoeStats
← srpizzas1

African Clearing

510468775Analyzed
3v3 RM · 2d ago on Oct 1, 2026· 58m 53s· 6 players
Game mode
Random Map
Map size
Normal (6 player)
Population
200
Speed
Normal
Resources
Standard
Victory
Conquest
Starting age
Dark Age
Ending age
Imperial Age
RankedLock teamsTeams togetherTeam positionsShared explorationLock speedFull tech treeHidden civsTurbo modeCheats
Victory
Defeat
🇨🇷 Franks · Costa Rica
898
+11
🇺🇸 Malay · United States
865
+12
🇨🇳 Goths · China
819
+13
🇲🇽 Saracens · Mexico
805
-13
🇲🇽 Georgians · Mexico
804
-13
🇲🇽 Goths · Mexico
708
-10
Donkey Kong
3:10 Loom
14:39 Feudal Age
14:22 Double-Bit Axe
15:40 Town Watch
17:29 Fishing Lines
22:18 Castle Age
21:28 Wheelbarrow
22:33 Bow Saw
23:08 Gillnets
25:48 Husbandry
26:03 Forging
25:59 Scale Barding Armor
31:13 Iron Casting
39:37 Imperial Age
37:13 Town Patrol
37:32 Hand Cart
40:06 Horse Collar
42:32 Elite Battle Elephant
44:30 Heavy Plow
45:46 Conscription
45:28 Thalassocracy
45:32 Elite Karambit Warrior
46:03 Man-at-Arms
46:43 Squires
46:30 Arson
46:06 Pikeman
47:22 Long Swordsman
47:23 Halberdier
48:06 Forced Levy
51:35 Blast Furnace
50:25 Fletching
50:36 Padded Archer Armor
51:09 Crop Rotation
50:32 Gold Mining
50:32 Stone Mining
51:35 Two-Handed Swordsman
54:46 Chemistry
53:52 Siege Engineers
54:08 Ballistics
53:46 Murder Holes
FishKid
3:43 Loom
15:36 Feudal Age
16:49 Double-Bit Axe
17:20 Horse Collar
19:46 Castle Age
19:33 Gold Mining
22:29 Wheelbarrow
24:40 Bow Saw
26:48 Heavy Plow
28:28 Hand Cart
28:20 Pikeman
29:00 Squires
30:28 Stone Mining
36:18 Imperial Age
34:13 Anarchy
34:33 Fletching
34:54 Forging
34:45 Scale Mail Armor
36:11 Squires
36:49 Iron Casting
36:10 Bodkin Arrow
37:02 Chain Mail Armor
36:24 Elite Huskarl
42:22 Perfusion
44:09 Conscription
44:50 Blast Furnace
43:57 Scale Barding Armor
47:03 Chain Barding Armor
46:36 Halberdier
50:52 Bracer
51:06 Masonry
50:37 Treadmill Crane
50:53 Murder Holes
51:59 Chemistry
53:56 Architecture
53:47 Ballistics
54:32 Two-Man Saw
54:04 Crop Rotation
53:55 Light Cavalry
54:46 Bloodlines
54:36 Husbandry
56:09 Hussar
El Tio Ho
14:42 Feudal Age
15:17 Double-Bit Axe
17:49 Loom
19:33 Forging
19:28 Scale Barding Armor
25:20 Castle Age
26:08 Husbandry
26:48 Iron Casting
26:34 Chain Barding Armor
32:17 Wheelbarrow
34:33 Squires
36:39 Stone Mining
43:13 Imperial Age
41:43 Murder Holes
42:58 Gold Mining
44:13 Cavalier
48:11 Blast Furnace
47:49 Plate Barding Armor
50:21 Chivalry
50:34 Paladin
56:53 Ordonnance Companies
alvareztostado.sebastian
15:01 Feudal Age
16:04 Horse Collar
19:17 Man-at-Arms
21:02 Double-Bit Axe
23:52 Forging
23:43 Scale Mail Armor
31:06 Castle Age
29:56 Loom
30:48 Wheelbarrow
32:01 Long Swordsman
32:02 Pikeman
32:43 Squires
50:29 Bow Saw
58:50 Wheelbarrow
srpizzas1
15:02 Feudal Age
16:29 Double-Bit Axe
22:14 Castle Age
22:13 Horse Collar
23:25 Scale Mail Armor
29:06 Forging
30:55 Elite Skirmisher
37:17 Imperial Age
44:41 Bow Saw
44:00 Heavy Camel Rider
45:01 Chain Mail Armor
45:49 Squires
48:44 Scale Barding Armor
jorge.islas.escalante
15:24 Feudal Age
16:18 Loom
16:24 Town Watch
19:21 Castle Age
17:14 Town Watch
18:43 Double-Bit Axe
22:06 Wheelbarrow
22:18 Squires
21:38 Pikeman
22:54 Bow Saw
22:35 Gold Mining
25:15 Stone Mining
27:56 Hand Cart
28:04 Husbandry
28:30 Horse Collar
30:51 Heavy Plow
34:46 Imperial Age
34:24 Scale Mail Armor
34:35 Forging
35:55 Conscription
34:58 Elite Monaspa
35:47 Pikeman
36:28 Squires
37:06 Iron Casting
36:36 Scale Barding Armor
37:07 Halberdier
38:00 Scale Barding Armor
38:14 Bloodlines
38:32 Fletching
40:23 Blast Furnace
39:44 Chain Barding Armor
39:26 Bodkin Arrow
40:44 Caravan
42:09 Chain Mail Armor
43:15 Crop Rotation
43:54 Aznauri Cavalry
46:01 Plate Barding Armor
51:27 Plate Mail Armor
50:58 Bracer
57:22 Ballistics
58:02 Chemistry
57:28 Ballistics
Connection lost

Rejoining the realm…

Still unreachable

The connection could not be restored.

Session expired

The server has moved on; the page needs a fresh start.